 Dungeon Crawl Stone Soup version 0.17-a0-1195-g0639cb0 (webtiles) character file.

11 Geomchi the Insei (level 2, -1/18 HPs)
             Began as an Octopode Transmuter on June 2, 2015.
             Slain by a giant cockroach (2 damage)
             ... on level 2 of the Dungeon.
             The game lasted 00:00:53 (828 turns).

Geomchi the Insei (Octopode Transmuter)              Turns: 828, Time: 00:00:53

Health: -1/18      AC:  1    Str:  9    XL:     2   Next: 29%
Magic:  5/5        EV: 12    Int: 15    God:
Gold:   12         SH:  0    Dex: 12    Spells: 1 memorised, 4 levels left

rFire  . . .     SeeInvis .       - Unarmed
rCold  . . .     Clarity  .     (no shield)
rNeg   . . .     SustAt   .     (helmet restricted)
rPois  .         Gourm    .     (no amulet)
rElec  .         Spirit   .     (no ring)
rCorr  .         Warding  .     (no ring)
rMut   .         Stasis   .     (no ring)
MR     .....                    (no ring)
Stlth  ++........               (no ring)
                                (no ring)
                                (no ring)
                                (no ring)

@: appendage (expiring), not resistant to hostile enchantments, unstealthy
A: almost no armour, amphibious, 8 rings, constrict 8, tentacle spike 3,
camouflage 1, gelatinous body 1
a: End Transformation


You were on level 2 of the Dungeon.
You were not hungry.
One of your tentacles had a temporary spike.
You visited 1 branch of the dungeon, and saw 2 of its levels.

You collected 12 gold pieces.

Inventory:

Missiles
 a - 59 arrows
Scrolls
 g - a scroll of amnesia {unknown}
 h - a scroll of identify {unknown}
 i - a scroll of fog {unknown}
Potions
 d - 2 potions of agility {unknown}
 e - a potion of resistance {unknown}
 f - 2 potions of brilliance {unknown}
 j - a potion of lignification {unknown}
Books
 b - a book of Changes

   Spells                             Type                      Level
   a - Beastly Appendage              Transmutation                1
   b - Sticks to Snakes               Transmutation                2
   c - Spider Form                    Transmutation/Poison         3
   d - Ice Form                       Ice/Transmutation            4
   e - Blade Hands                    Transmutation                5
Comestibles
 c - 2 bread rations {@e1}


   Skills:
 - Level 1.0 Fighting
 - Level 2.0 Dodging
 + Level 3.3 Unarmed Combat
 - Level 2.0 Spellcasting
 + Level 2.5 Transmutations


You had 4 spell levels left.
You knew the following spells:

 Your Spells              Type           Power        Failure   Level  Hunger
a - Beastly Appendage     Trmt           #.....       10%         1    #......


Dungeon Overview and Level Annotations

Branches:
Dungeon (2/15)

Altars:


Innate Abilities, Weirdness & Mutations

You cannot wear most types of armour.
You are amphibious.
You can wear up to eight rings at the same time.
You can use your tentacles to constrict eight enemies at once.
Your skin changes colour to match your surroundings (Stealth).
Your rubbery body absorbs attacks (AC +1).
One of your tentacles bears a large vicious spike.


Message History

There is a stone staircase leading up here.
One of your tentacles grows a vicious spike.
The worm bites you.
You take 6 damage, and have 12/18 hp.
MASSIVE DAMAGE!!
You now have 4/5 mp.
You tentacle-slap the worm. You grab the worm.
You pierce the worm.
You constrict the worm, but do no damage.
You tentacle-slap the worm.
You pierce the worm.
You constrict the worm. The worm bites you!
Ouch! That really hurt!
* * * LOW HITPOINT WARNING * * *
You take 11 damage, and have 1/18 hp.
MASSIVE DAMAGE!!
You are too injured to fight recklessly!
You release your grip on the worm.
A giant cockroach comes into view.
Found 9 gold pieces.
MP restored: 5 Your transformation is almost over.
The giant cockroach bites you but does no damage.
The giant cockroach bites you.
You die...

#. ## .## #. ...
.... #. ####.#
.....#. $....
.......## ...#
.......<######..#
##.###.....##..#
#.##....w#######.
#...@.###........
#..#.s....#......
.....#........##...
..... #....#.### .
..... #..###.# ....
#...# #.. . ....##
#### ......#
.......


You could see a worm (wandering) and a giant cockroach.

Vanquished Creatures
  3 giant geckos (D:1)
  A goblin (D:1)
  3 jackals (D:1)
  A bat (D:1)
  A giant newt (D:1)
9 creatures vanquished.

Notes
Turn   | Place    | Note
--------------------------------------------------------------
     0 | D:1      | Geomchi the Octopode Transmuter began the quest for the Orb.
     0 | D:1      | Reached XP level 1. HP: 13/13 MP: 3/3
    83 | D:1      | Reached XP level 2. HP: 13/18 MP: 3/5
   828 | D:2      | Slain by a giant cockroach

Vault maps used:
D:1:      saegor_arrival_simple_a, minmay_liquid_box, kennysheep_flooded_box
D:2:      nicolae_ru_awakened_eye

Action                   || total
-------------------------++-------
Melee: Unarmed           ||    27
 Cast: Beastly Appendage ||     6
